 Dungeon Crawl Stone Soup version 0.31-a0-108-gdf935468f2 (webtiles) character file.

Game seed: 1439175675957404702

851 holysushi the Magician (level 8, 0/54 HPs)
             Began as a Djinni Necromancer on May 28, 2023.
             Slain by an orc
             ... wielding a +0 whip
              (3 damage)
             ... on level 5 of the Dungeon.
             The game lasted 00:10:17 (4467 turns).

holysushi the Magician (Djinni Necromancer)         Turns: 4467, Time: 00:10:18

Health: 0/54       AC:  4    Str:  7    XL:     8   Next: 21%
Gold:   297        EV: 15    Int: 16    God:
                   SH:  0    Dex: 23

rFire   + + +        r - +2 short sword (venom)
rCold   x . .        g - orb {light}
rNeg    . . .        s - +2 robe
rPois   ∞            (no helmet)
rElec   .            (no cloak)
rCorr   .            (no gloves)
SInv    .            (boots unavailable)
Will    .....        (no amulet)
Stlth   +            e - +6 ring of dexterity
HPRegen 0.29/turn    q - ring of protection from fire
MPRegen 0.00/turn

%: infuse magic (-1 HP)
@: mighty, flying, hasted, glowing, very quick
A: sickness immunity, fire resistance 2, cold vulnerability 1, float, innate
caster, HP casting, extra vitality 1
a: no special abilities


You were on level 5 of the Dungeon.
You visited 2 branches of the dungeon, and saw 6 of its levels.

You collected 297 gold pieces.

Inventory:

Hand Weapons
 r - a +2 short sword of venom (weapon)
Armour
 g - an orb of light (worn)
 s - a +2 robe (worn)
Jewellery
 e - a +6 ring of dexterity (left hand)
 f - an amulet of faith
 q - a ring of protection from fire (right hand)
Wands
 a - a wand of paralysis (8)
 m - a wand of flame (23)
Scrolls
 b - 4 scrolls of identify
 d - 2 scrolls of noise
 i - a scroll of teleportation
 j - a scroll of enchant weapon {unknown}
 k - 2 scrolls of blinking {unknown}
 l - a scroll of brand weapon {unknown}
 n - a scroll of magic mapping {unknown}
Potions
 c - 3 potions of lignification
 h - a potion of brilliance


   Skills:
 - Level 2.0 Fighting
 - Level 1.0 Short Blades
 - Level 5.0 Dodging
 - Level 1.5 Stealth
 + Level 6.3 Spellcasting
 + Level 6.3 Conjurations
 + Level 6.3 Hexes
   Level 0.0 Charms
 + Level 6.3 Summonings
 + Level 6.3 Necromancy
 + Level 6.3 Translocations
 + Level 6.3 Transmutations
 + Level 6.3 Fire Magic
 + Level 6.3 Ice Magic
 + Level 6.3 Air Magic
 + Level 6.3 Earth Magic
 + Level 6.3 Poison Magic


You knew the following spells:

 Your Spells              Type           Power      Damage    Failure   Level
a - Necrotise             Necr           100%       1d9       1%          1
b - Ensorcelled Hibernat  Hex/Ice        50%        N/A       1%          2
c - Vampiric Draining     Necr           25%        2d7       3%          3
d - Animate Dead          Necr           25%        N/A       10%         4
e - Agony                 Necr           25%        N/A       26%         5
f - Teleport Other        Tloc           25%        N/A       3%          3
z - Apportation           Tloc           50%        N/A       1%          1
Your spell library was empty.

Dungeon Overview and Level Annotations

Branches:
Dungeon (5/15) Zot: 25576  Temple (1/1) D:4 Zot: 5959

Altars:
Ashenzari
Cheibriados
Dithmenos
Elyvilon
Fedhas
Hepliaklqana
Makhleb
Okawaru
Qazlal
Xom
Yredelemnul
Zin
The Shining One

Shops:
D:1 =   D:4 :

Annotations:
D:1 exclusion: gnoll
D:3 2 transporters, exclusion: downstairs
D:5 Eustachio


Innate Abilities, Weirdness & Mutations

You are immune to sickness and miasma.
You are immune to poison.
Your flesh is very heat resistant. (rF++)
You are vulnerable to cold. (rC-)
You float through the air rather than walking.
You learn spells naturally, not from books.
Your magical power is your life essence.
You have superior vitality. (+4 MHP)


Message History

The grasping roots release their grip on you.
Casting: Vampiric Draining (dangerous; 3% risk of failure)
Confirm with . or Enter, or press ? or * to list all spells.
Aiming: Vampiric Draining (dangerous; 3% risk of failure)
Press: ? - help, Shift-Dir - straight line, f/p - Eustachio
Aim: Eustachio, wielding a +2 vampiric rapier, wearing a +2 leather armour of fire resistance and carrying a wand of roots (7) (moderately wounded, haloed)
You draw life force from Eustachio.
You feel life coursing into your body.
Eustachio zaps a wand.
The roots erupt in riotous growth!
The grasping roots grab you!
Eustachio is unaffected.
The grasping roots constrict you.
Casting: Vampiric Draining (dangerous; 3% risk of failure)
Confirm with . or Enter, or press ? or * to list all spells.
Aiming: Vampiric Draining (dangerous; 3% risk of failure)
Press: ? - help, Shift-Dir - straight line, f/p - Eustachio
Aim: Eustachio, wielding a +2 vampiric rapier, wearing a +2 leather armour of fire resistance and carrying a wand of roots (6) (heavily wounded, haloed)
You draw life force from Eustachio.
You feel life coursing into your body.
Eustachio hits you with a +2 vampiric rapier!
* * * LOW HITPOINT WARNING * * *
The grasping roots constrict you!
* * * LOW HITPOINT WARNING * * *
The grasping roots release their grip on you.
Okay, then.
Casting: Vampiric Draining (dangerous; 3% risk of failure)
Confirm with . or Enter, or press ? or * to list all spells.
You don't have enough health to cast this spell.
Unknown command.
Unknown command.
Casting: Vampiric Draining (dangerous; 3% risk of failure)
Confirm with . or Enter, or press ? or * to list all spells.
Aiming: Necrotise (safe; 1% risk of failure)
Press: ? - help, Shift-Dir - straight line, f/p - Eustachio
Aim: Eustachio, wielding a +2 vampiric rapier, wearing a +2 leather armour of fire resistance and carrying a wand of roots (6) (severely wounded, haloed, chance to affect: 83%)
Okay, then.
It was a potion of might.
You feel very mighty all of a sudden.
Eustachio drinks a potion.
Eustachio is healed!
It was a potion of haste.
You feel yourself speed up.
Eustachio mumbles some strange words.
The orc hits you with a +0 whip.
You die...

#...# #...# #.
##.## #.. #.# #...
#####.#### #...#
#........# ##...#
##.#..####
###..b.# #.#..#
####r.o..#
#.#..###....@@.#
#.#..#.......###
#....#)#...###
###....###########
#...## #......#
#....## #.####.##
#..#..#######...#
#..##..####...###
#..###.##...###


You could see Eustachio, a river rat (summoned), an orc and a bat (summoned,
wandering).

Vanquished Creatures
  Sigmund (D:5)
  2 black bears (D:5)
  An ogre (D:5)
  A hound (D:3)
  A sleepcap (D:5)
  4 orc wizards (D:4)
  A statue (D:4)
  2 adders (D:5)
  3 gnolls (D:2)
  A white imp (D:5)
  An ufetubus (D:4)
  3 worms
  2 dart slugs
  6 orcs
  10 endoplasms
  2 giant cockroaches
  4 goblins
  10 hobgoblins
  13 kobolds
  A quokka (D:3)
  5 ball pythons
  4 bats
  4 frilled lizards
  6 rats
88 creatures vanquished.

Vanquished Creatures (collateral kills)
  A kobold brigand (D:5)
  A gnoll (D:2)
  A bat (D:1)
  A giant cockroach (D:1)
  A hobgoblin (D:1)
5 creatures vanquished.

Vanquished Creatures (others)
  2 kobold zombies (D:5)
  3 orc zombies (D:4)
  A hobgoblin zombie (D:5)
6 creatures vanquished.

Grand Total: 99 creatures vanquished

Notes
Turn   | Place    | Note
-------+----------+-------------------------------------------
     0 | D:1      | holysushi the Djinni Necromancer began the quest for the
                  | Orb.
     0 | D:1      | holysushi set off with the following spells memorised:
                  | Necrotise, Vampiric Draining, Animate Dead, Agony.
     0 | D:1      | Reached XP level 1. HP: 15/15 MP: 0/0
    16 | D:1      | Reached skill level 1 in Fighting
    52 | D:1      | Reached XP level 2. HP: 18/22 MP: 0/0
   582 | D:1      | Reached XP level 3. HP: 21/28 MP: 0/0
   582 | D:1      | Learned a level 1 spell: Apportation
   648 | D:1      | Found Jeprowni's Jewellery Shop.
  1073 | D:2      | Reached XP level 4. HP: 28/33 MP: 0/0
  1571 | D:3      | Reached XP level 5. HP: 23/38 MP: 0/0
  1571 | D:3      | Learned a level 2 spell: Ensorcelled Hibernation
  1907 | D:3      | Found a transporter.
  1913 | D:3      | Found a transporter.
  2307 | D:4      | Noticed a charred statue
  2351 | D:4      | Killed a charred statue
  2746 | D:4      | Found a staircase to the Ecumenical Temple.
  2796 | Temple   | Entered the Ecumenical Temple
  2889 | D:4      | Reached skill level 1 in Short Blades
  2891 | D:4      | Reached XP level 6. HP: 22/43 MP: 0/0
  3041 | D:4      | Found a shimmering altar of Xom.
  3410 | D:4      | Found Dighooce's Tiny Tomes.
  3459 | D:4      | Found a stormy altar of Qazlal.
  3616 | D:5      | Entered Level 5 of the Dungeon
  3749 | D:5      | Noticed Sigmund
  3754 | D:5      | Killed Sigmund
  3755 | D:5      | Reached skill level 5 in Dodging
  3755 | D:5      | Reached skill level 5 in Spellcasting
  3755 | D:5      | Reached skill level 5 in Conjurations
  3755 | D:5      | Reached skill level 5 in Hexes
  3755 | D:5      | Reached skill level 5 in Summonings
  3755 | D:5      | Reached skill level 5 in Necromancy
  3755 | D:5      | Reached skill level 5 in Translocations
  3755 | D:5      | Reached skill level 5 in Transmutations
  3755 | D:5      | Reached skill level 5 in Fire Magic
  3755 | D:5      | Reached skill level 5 in Ice Magic
  3755 | D:5      | Reached skill level 5 in Air Magic
  3755 | D:5      | Reached skill level 5 in Earth Magic
  3755 | D:5      | Reached skill level 5 in Poison Magic
  3755 | D:5      | Reached XP level 7. HP: 44/49 MP: 0/0
  3755 | D:5      | Learned a level 3 spell: Teleport Other
  4152 | D:5      | Reached XP level 8. HP: 22/54 MP: 0/0
  4457 | D:5      | Noticed Eustachio
  4465 | D:5      | HP: 2/54 [constriction (9)]
  4467 | D:5      | Slain by an orc

Illustrated notes

Levels and vault maps discovered:
D:1:      wander_arrival_chamber, layout_basic, serial_shops, shop
D:2:      layout_basic
D:3:      gammafunk_wand_slinger, layout_loops_cross, serial_bayou_lagoon_a,
          grunt_decor_one_mirror
D:4:      layout_gridville, mainiacjoe_overflow_small_starburst,
          lemuel_doored_altar, vehumet_statue, minmay_temple_entry_overgrown,
          nicolae_shop_i_like_small_books_too
D:5:      cheibrodos_thug_alley, layout_rooms, kennysheep_mini, serial_curves,
          eino_curves_01, eino_curves_03, eino_curves_02, eino_curves_03,
          uniq_sigmund, uniq_eustachio
Temple:   nicolae_temple_no_exploring_needed

Skill      XL: |  1  2  3  4  5  6  7 |
---------------+----------------------+-----
Fighting       | 1 2 |  2.0
Dodging        | 3 4 5 |  5.0
Spellcasting   | 4 5 6 |  6.3
Conjurations   | 4 5 6 |  6.3
Hexes          | 4 5 6 |  6.3
Summonings     | 4 5 6 |  6.3
Necromancy     | 4 5 6 |  6.3
Translocations | 4 5 6 |  6.3
Transmutations | 4 5 6 |  6.3
Fire Magic     | 4 5 6 |  6.3
Ice Magic      | 4 5 6 |  6.3
Air Magic      | 4 5 6 |  6.3
Earth Magic    | 4 5 6 |  6.3
Poison Magic   | 4 5 6 |  6.3
Short Blades   | 1 |  1.0
Stealth        | |  1.5

Action                     |  1- 3 |  4- 6 |  7- 9 || total
---------------------------+-------+-------+-------++-------
  Melee: Dagger            |       |    43 |       ||    43
         Short sword       |       |    27 |    37 ||    64
   Cast: Necrotise         |    77 |    35 |     5 ||   117
         Vampiric Draining |       |    22 |    21 ||    43
         Ensorcelled Hiber |       |     7 |       ||     7
         Animate Dead      |       |     2 |     1 ||     3
    Use: Scroll            |       |     2 |       ||     2
         Potion            |       |     3 |     2 ||     5
   Stab: Sleeping          |       |     4 |       ||     4
         Distracted        |       |     1 |       ||     1
 Armour: Robe              |     4 |     5 |    11 ||    20
         Skin              |       |     8 |       ||     8
  Dodge: Dodged            |    13 |    65 |    43 ||   121

Table legend: (Time is in decaauts)
 A = Elapsed time spent in this place.
 B = Non-inter-level travel time spent in this place.
 C = Inter-level travel time spent in this place.
 D = Time resting spent in this place.
 E = Time spent auto-exploring this place.
 F = Levels seen in this place.
 G = Mean time per level.
                   A        B        C        D        E       F      G
               +--------+--------+--------+--------+--------+-----+--------+
         Total |   4462 |   4223 |    239 |    842 |   2481 |   6 |  743.7 |
       Dungeon |   4422 |   4187 |    235 |    842 |   2481 |   5 |  884.4 |
        Temple |     40 |     37 |      3 |      0 |      0 |   1 |   40.0 |
               +--------+--------+--------+--------+--------+-----+--------+

Top non-repeatable levels by time:
     D:4: 1268 daAuts
     D:3: 957 daAuts
     D:1: 771 daAuts
     D:5: 717 daAuts
     D:2: 706 daAuts
  Temple: 40 daAuts
